 Dungeon Crawl Stone Soup version 0.23.2-33-g5129a83184 (webtiles) character file.

Game seed: 16257258120538234602

96 DorianNounverber the Magician (level 4, -3/24 HPs)
             Began as a Deep Elf Wizard on July 7, 2019.
             Slain by Grinder (5 damage)
             ... while paralysed by Grinder
             ... on level 3 of the Dungeon.
             The game lasted 00:08:09 (3462 turns).

DorianNounverber the Magician (Deep Elf Wizard)     Turns: 3462, Time: 00:08:09

Health: -3/24      AC:  3    Str:  4    XL:     4   Next: 41%
Magic:  8/14       EV:  2    Int: 24    God:
Gold:   135        SH:  0    Dex: 13    Spells: 7/15 levels left

rFire    . . .     SeeInvis .   (no weapon)
rCold    . . .     Gourm    .   (no shield)
rNeg     . . .     Faith    .   a - +0 robe
rPois    .         Spirit   .   b - +0 hat
rElec    .         Reflect  +   (no cloak)
rCorr    .         Harm     .   n - +0 pair of gloves
MR       .....                  (no boots)
Stlth    ++........             o - +3 amulet of reflection
HPRegen  0.08/turn              (no ring)
MPRegen  0.14/turn              (no ring)

@: paralysed, very slightly contaminated
A: no striking features
a: no special abilities


You were on level 3 of the Dungeon.
You were not hungry.

You visited 1 branch of the dungeon, and saw 3 of its levels.

You collected 135 gold pieces.

Inventory:

Armour
 a - a +0 robe (worn)
 b - a +0 hat (worn)
 c - a +0 pair of gloves
 n - a +0 pair of gloves (worn)
Jewellery
 o - a +3 amulet of reflection (around neck)
Wands
 j - a wand of flame (16)
Scrolls
 e - 5 scrolls of teleportation {unknown}
 k - 3 scrolls of identify {unknown}
 l - a scroll of remove curse {unknown}
 m - a scroll of amnesia {unknown}
 p - a scroll of random uselessness {unknown}
 r - a scroll of enchant weapon {unknown}
 s - a scroll of immolation {unknown}
Potions
 f - 2 potions of curing {unknown}
 g - 2 potions of might {unknown}
 h - a potion of resistance {unknown}
 i - a potion of flight {unknown}
 q - 2 potions of ambrosia {unknown}
Comestibles
 d - 3 rations


   Skills:
 * Level 3.0 Dodging
 + Level 2.7 Stealth
 * Level 6.0 Spellcasting
 * Level 2.7 Conjurations
 + Level 1.1 Summonings
 + Level 1.1 Translocations


You had 7 spell levels left.
You knew the following spells:

 Your Spells              Type           Power        Failure   Level  Hunger
a - Magic Dart            Conj           ###.         2%          1    None
b - Blink                 Tloc           N/A          8%          2    None
c - Call Imp              Summ           ##......     8%          2    None
d - Conjure Flame         Conj/Fire      ##......     14%         3    #......

Your spell library contained the following spells:

 Spells                   Type           Power        Failure   Level  Hunger
 Slow                     Hex            #.......     12%         2    None
 Mephitic Cloud           Conj/Pois/Air  ##......     16%         3    #......


Dungeon Overview and Level Annotations

Branches:
Dungeon (3/15)

Altars:
Hepliaklqana
Nemelex Xobeh
Okawaru

Annotations:
D:3 Grinder


Message History

Your crimson imp closely misses Grinder.
Grinder misses your crimson imp.
Your crimson imp hits Grinder but does no damage.
Your crimson imp closely misses Grinder.
Grinder hits your crimson imp.
Your crimson imp hits Grinder.
Your crimson imp blinks!
Grinder gestures at you.
You suddenly lose the ability to move!
Your crimson imp hits Grinder.
Your crimson imp closely misses Grinder.
Grinder hits you!
Your crimson imp blinks!
Grinder gestures at you. Pain shoots through your body! Grinder hits you.
You writhe in agony.
* * * LOW HITPOINT WARNING * * *
Your crimson imp blinks!
Grinder hits you.
* * * LOW HITPOINT WARNING * * *
You writhe in agony.
You die...

#.#.#### #.....<.#
..##.#.## ###..##.#####..
........#####..##5.......
.....#.........##.####...
...#...######.###.#
##...#.# #.....# #..##.#
##.#.## #..##.# #.#5#
#..##.# #.#@# #######
#.#§# #.#5. #†#.## #.#.#
#.#.# #.# ..#


You could see Grinder and 2 friendly crimson imps.

Vanquished Creatures
  3 adders
  2 oozes
  A worm (D:2)
  4 leopard geckos
  2 orcs
  3 ball pythons (D:1)
  5 bats
  2 giant cockroaches
  6 goblins
  6 hobgoblins
  A quokka (D:3)
  7 frilled lizards
  3 kobolds
  6 rats
51 creatures vanquished.

Notes
Turn   | Place    | Note
-------+----------+-------------------------------------------
     0 | D:1      | DorianNounverber the Deep Elf Wizard began the quest for
                  | the Orb.
     0 | D:1      | Reached XP level 1. HP: 10/10 MP: 7/7
   287 | D:1      | Reached XP level 2. HP: 15/15 MP: 3/9
   461 | D:1      | Reached skill level 5 in Spellcasting
  1421 | D:2      | Reached XP level 3. HP: 19/19 MP: 7/12
  1856 | D:2      | Found an iron altar of Okawaru.
  2395 | D:2      | Found a sparkling altar of Nemelex Xobeh.
  2478 | D:3      | Noticed Grinder
  2805 | D:3      | Reached XP level 4. HP: 21/24 MP: 6/13
  3094 | D:3      | Reached skill level 6 in Spellcasting
  3298 | D:3      | Learned a level 2 spell: Blink
  3301 | D:3      | Learned a level 2 spell: Call Imp
  3305 | D:3      | Learned a level 3 spell: Conjure Flame
  3363 | D:3      | Found a hazy altar of Hepliaklqana.
  3456 | D:3      | Paralysed by Grinder for 7 turns
  3462 | D:3      | Slain by Grinder

Skill      XL: |  1  2  3  4 |
---------------+-------------+-----
Spellcasting   | 5 6 |  6.0
Conjurations   | 2 |  2.7
Dodging        | 3 |  3.0
Stealth        | |  2.7
Summonings     | |  1.1
Translocations | |  1.1

Action                   |  1- 3 |  4- 6 || total
-------------------------+-------+-------++-------
Melee: Unarmed           |       |     2 ||     2
 Cast: Magic Dart        |   101 |    31 ||   132
       Call Imp          |       |     3 ||     3
  Eat: Chunk             |     4 |       ||     4
       Ration            |     1 |       ||     1
Armor: Robe              |     3 |     3 ||     6
Dodge: Dodged            |     6 |     4 ||    10
